 Dungeon Crawl Stone Soup version 0.27-a0-1500-g450c7e4133 (webtiles) character file.

Game seed: 1320352589726802235

128 dickylongcocking the Magician (level 5, -1/36 HPs)
             Began as a Djinni Conjurer on July 7, 2021.
             Slain by Crazy Yiuf (4 damage)
             ... on level 3 of the Dungeon.
             The game lasted 00:03:01 (4507 turns).

dickylongcocking the Magician (Djinni Conjurer)     Turns: 4507, Time: 00:03:02

Health: -1/36      AC:  3    Str:  7    XL:     5   Next: 33%
Gold:   52         EV: 12    Int: 20    God:
                   SH:  0    Dex: 11

rFire    + + .     SeeInvis +   c - +0 rapier
rCold    x . .     Faith    .   (no shield)
rNeg     . . .     Spirit   .   a - +0 robe
rPois    ∞         Reflect  .   n - +0 helmet
rElec    .         Harm     .   (no cloak)
rCorr    .         Rampage  .   (no gloves)
Will     .....                  (boots unavailable)
Stlth    +.........             (no amulet)
HPRegen  0.12/turn              b - ring of see invisible
MPRegen  0.00/turn              (no ring)

@: confused, flying
A: sickness immunity, fire resistance 2, cold vulnerability 1, float, innate
caster, hp casting, extra vitality 1
a: no special abilities


You were on level 3 of the Dungeon.
You visited 1 branch of the dungeon, and saw 3 of its levels.

You collected 107 gold pieces.
You spent 55 gold pieces at shops.

Inventory:

Hand Weapons
 c - a +0 rapier (weapon)
Armour
 a - a +0 robe (worn)
 h - a +0 ring mail
 n - a +0 helmet (worn)
Jewellery
 b - a ring of see invisible (left hand)
Wands
 k - a wand of mindburst (15)
Scrolls
 d - a scroll of noise {unknown}
 e - 3 scrolls of identify {unknown}
 f - 2 scrolls of teleportation
 g - a scroll of fog
 i - a scroll of amnesia {unknown}
 o - a scroll of immolation {unknown}
Potions
 j - a potion of curing {unknown}
 l - 3 potions of brilliance {unknown}
 m - a potion of degeneration {unknown}
 p - a potion of ambrosia {unknown}


   Skills:
 + Level 0.4 Fighting
 + Level 1.2 Short Blades
 + Level 3.0 Dodging
 + Level 2.0 Stealth
 + Level 4.3 Spellcasting


You couldn't memorise any spells.
You knew the following spells:

 Your Spells              Type           Power      Damage    Failure   Level
a - Magic Dart            Conj           84%        1d7       2%          1
b - Searing Ray           Conj           42%        3d4       3%          2
c - Dazzling Flash        Conj/Hex       42%        N/A       6%          3
d - Fulminant Prism       Conj/Hex       10%        3d9       22%         4
e - Iskenderun's Mystic   Conj/Tloc      21%        2d6       22%         4
f - Sting                 Tmut/Pois      84%        1d7       2%          1
g - Poisonous Vapours     Pois/Air       42%        N/A       3%          2
Your spell library was empty.

Dungeon Overview and Level Annotations

Branches:
Dungeon (3/15)

Altars:
Elyvilon

Shops:
D:2 (*(*

Annotations:
D:3 Crazy Yiuf


Innate Abilities, Weirdness & Mutations

You are immune to sickness and miasma.
You are immune to poison.
Your flesh is very heat resistant. (rF++)
You are vulnerable to cold. (rC-)
You float through the air rather than walking.
You learn spells naturally, not from books.
Your magical power is your life essence.
You have superior vitality. (+4 HP)


Message History

You hit the kobold.
You kill the kobold!
You see here a +0 dagger.
Things that are here:
a +0 morningstar; an orc corpse You reach down and open the door.
There is an open door here.
There is an open door here.
Crazy Yiuf shouts!
Casting: Searing Ray (safe; 3% risk of failure)
Confirm with . or Enter, or press ? or * to list all spells.
Okay, then.
You reach down and open the door.
Casting: Searing Ray (safe; 3% risk of failure)
Confirm with . or Enter, or press ? or * to list all spells.
Aiming: Searing Ray (safe; 3% risk of failure)
Press: ? - help, Shift-Dir - straight line, f - Crazy Yiuf
Aim: Crazy Yiuf, wielding a +3 quarterstaff of chaos and wearing a +0 cloak (81% to hit)
The searing ray hits Crazy Yiuf!
Crazy Yiuf is moderately wounded. (Press . to maintain the ray.) Unknown command.
The searing ray hits Crazy Yiuf!
Crazy Yiuf is severely wounded.
Crazy Yiuf hits you with a +3 quarterstaff of chaos.
You are confused.
Unknown command.
Unknown command.
Unknown command.
Crazy Yiuf laughs, "Buddy shoe hog!"
Crazy Yiuf hits you with a +3 quarterstaff of chaos!
Crazy Yiuf burns you.
Unknown command.
Unknown command.
Unknown command.
You bump into the stone wall.
Crazy Yiuf hits you with a +3 quarterstaff of chaos!
* * * LOW HITPOINT WARNING * * *
Crazy Yiuf freezes you.
You die...

.## #......#
#.#.......###...
..## ##...#.#
#.##....####....
...####...#.#
#.......###)....
...'....#####
#######...'.....
...####.#
#####..... ..##
### ##.... .##
####♣♣ ### ##...
## ##.#..♣♣
♣♣#..)# #######..
#
#......♣♣♣♣@g...#
#......).
#.......♣..♣#...#
#.#.#.#.#
##.##...♣.♣♣♣ ###
#........ #
#..###♣♣♣♣♣
##...⌠.... ##
#...# #......._.
.####.###
#....⌠..(.
......#
##........
####### #.#.#.#.#
#........


You could see Crazy Yiuf.

Vanquished Creatures
  An iguana (D:3)
  A gnoll (D:2)
  3 adders
  2 dart slugs
  2 orcs (D:3)
  8 endoplasms
  2 giant cockroaches
  5 hobgoblins
  3 quokkas
  6 ball pythons
  3 bats
  3 frilled lizards
  3 goblins
  12 kobolds
  5 rats
59 creatures vanquished.

Notes
Turn   | Place    | Note
-------+----------+-------------------------------------------
     0 | D:1      | dickylongcocking the Djinni Conjurer began the quest for
                  | the Orb.
     0 | D:1      | Reached XP level 1. HP: 15/15 MP: 0/0
   191 | D:1      | Found a faded altar of an unknown god.
   245 | D:1      | Reached XP level 2. HP: 7/21 MP: 0/0
  1388 | D:2      | Found Kovvetea's Assorted Antiques.
  2021 | D:2      | Found Reopo's Antique Weapon Shop.
  2038 | D:2      | Reached XP level 3. HP: 19/25 MP: 0/0
  2038 | D:2      | Learned a level 1 spell: Sting
  2385 | D:2      | Found Cauq's Weapon Emporium.
  2392 | D:2      | Found Ywitiam's General Store.
  2454 | D:2      | Bought a scroll of teleportation for 33 gold pieces
  2454 | D:2      | Bought a scroll of fog for 22 gold pieces
  2489 | D:2      | Reached skill level 4 in Spellcasting
  2494 | D:2      | Reached XP level 4. HP: 23/31 MP: 0/0
  3059 | D:3      | Found a white marble altar of Elyvilon.
  3681 | D:3      | Reached skill level 1 in Short Blades
  3688 | D:3      | Reached XP level 5. HP: 22/36 MP: 0/0
  3688 | D:3      | Learned a level 2 spell: Poisonous Vapours
  4259 | D:3      | Found a runed translucent door.
  4260 | D:3      | Noticed Crazy Yiuf
  4507 | D:3      | Slain by Crazy Yiuf

Illustrated notes

Levels and vault maps discovered:
D:1:      dpeg_arrival_rooms_b, layout_loops_ring,
          shapermc_ecumenical_altar_starsandcircs, st_stairs_12,
          minmay_small_reverse_x
D:2:      minmay_evil_eye, layout_rooms, serial_shops, shop,
          nicolae_shop_waterfront, shop, shop_statue, kennysheep_generic_room_5
D:3:      minmay_octagon_keep, layout_loops_corners, elyvilon_altar_5,
          uniq_crazy_yiuf_cottage

Skill      XL: |  1  2  3  4  5 |
---------------+----------------+-----
Spellcasting   | 4 |  4.3
Short Blades   | 1 |  1.2
Stealth        | 2 |  2.0
Dodging        | 3 |  3.0
Fighting       | |  0.4

Action                   |  1- 3 |  4- 6 || total
-------------------------+-------+-------++-------
Melee: Rapier            |    40 |    37 ||    77
       Unarmed           |     2 |       ||     2
 Cast: Magic Dart        |    20 |       ||    20
       Searing Ray       |    12 |    21 ||    33
  Use: Potion            |     1 |       ||     1
 Stab: Sleeping          |     1 |       ||     1
Armor: Robe              |     8 |     3 ||    11
Dodge: Dodged            |    28 |    37 ||    65

Table legend: (Time is in decaauts)
 A = Elapsed time spent in this place.
 B = Non-inter-level travel time spent in this place.
 C = Inter-level travel time spent in this place.
 D = Time resting spent in this place.
 E = Time spent auto-exploring this place.
 F = Levels seen in this place.
 G = Mean time per level.
                   A        B        C        D        E       F      G
               +--------+--------+--------+--------+--------+-----+--------+
         Total |   4520 |   4428 |     92 |    875 |   3095 |   3 | 1506.7 |
       Dungeon |   4520 |   4428 |     92 |    875 |   3095 |   3 | 1506.7 |
               +--------+--------+--------+--------+--------+-----+--------+

Top non-repeatable levels by time:
     D:1: 1726 daAuts
     D:3: 1624 daAuts
     D:2: 1169 daAuts
